 Dungeon Crawl Stone Soup version 0.24.0-35-gdb84b6a5db (webtiles) character file.

Game seed: 6260200667847671389, levelgen mode: deterministic

2411 DildoBatman the Conjurer (level 9, 0/62 HPs)
             Began as a Formicid Wizard on Nov 19, 2019.
             Was a Believer of Kikubaaqudgha.
             Slain by Harold
             ... wielding a +1 dire flail of protection
              (5 damage)
             ... on level 7 of the Dungeon.
             The game lasted 00:28:55 (8826 turns).

DildoBatman the Conjurer (Formicid Wizard)          Turns: 8826, Time: 00:28:55

Health: 0/62       AC:  5    Str: 11    XL:     9   Next: 75%
Magic:  1/15       EV: 12    Int: 22    God:    Kikubaaqudgha [**....]
Gold:   462        SH:  0    Dex:  9    Spells: 4/16 levels left

rFire    + + .     SeeInvis +   a - +4 dire flail (drain)
rCold    . . .     Gourm    .   (no shield)
rNeg     . . .     Faith    +   H - +1 leather armour {rF+}
rPois    .         Spirit   .   (helmet unavailable)
rElec    .         Reflect  .   l - scarf {repulsion}
rCorr    .         Harm     .   F - +0 pair of gloves
MR       .....                  (no boots)
Stlth    +++.......             k - amulet of faith
HPRegen  0.20/turn              q - ring of protection from fire
MPRegen  0.14/turn              D - ring of stealth

@: marked, repel missiles
A: permanent stasis, dig shafts and tunnels, four strong arms, antennae 3
a: Dig, Shaft Self, Receive Corpses, Renounce Religion


You were on level 7 of the Dungeon.
You worshipped Kikubaaqudgha.
Kikubaaqudgha was pleased with you.
You were hungry.

You visited 2 branches of the dungeon, and saw 8 of its levels.

You collected 462 gold pieces.

Inventory:

Hand Weapons
 a - a +4 dire flail of draining (weapon)
 b - a +0 trident
 c - a +0 shortbow
 e - a +1 dagger of venom
 f - a +4 dagger
Missiles
 d - 153 stones
 h - 121 arrows
 y - 27 poisoned darts
 I - 7 boomerangs (quivered)
 J - 24 sling bullets
Armour
 l - a scarf of repulsion (worn)
 A - a cursed +0 shield
 F - a +0 pair of gloves (worn)
 H - a +1 leather armour of fire resistance (worn)
Jewellery
 k - an amulet of faith (around neck)
 q - a ring of protection from fire (left hand)
 D - a ring of stealth (right hand)
 L - an uncursed ring of ice
Wands
 r - a wand of flame (4)
 w - a wand of iceblast (10)
Scrolls
 j - 3 scrolls of fear
 m - a scroll of enchant armour
 n - a scroll of amnesia
 p - a scroll of magic mapping {unknown}
 s - 4 scrolls of immolation
 x - 5 scrolls of remove curse
 B - a scroll of enchant weapon
 E - a scroll of acquirement {unknown}
Potions
 g - a potion of might
 i - 3 potions of curing {unknown}
 o - a potion of cancellation {unknown}
 t - a potion of invisibility {unknown}
 z - a potion of mutation {unknown}
 C - 2 potions of agility {unknown}
 G - a potion of brilliance {unknown}
 K - 2 potions of heal wounds {unknown}
Comestibles
 v - 10 rations


   Skills:
 * Level 2.8 Fighting
 * Level 2.9 Armour
 * Level 3.1 Dodging
 - Level 2.4 Stealth
 * Level 4.4 Spellcasting
 - Level 6.0 Conjurations
   Level 1.0 Summonings
 * Level 2.6 Necromancy
   Level 0.8 Translocations
 - Level 5.1 Fire Magic
 - Level 5.0 Air Magic


You had 4 spell levels left.
You knew the following spells:

 Your Spells              Type           Power        Failure   Level  Hunger
a - Conjure Flame         Conj/Fire      ####....     4%          3    ##.....
c - Magic Dart            Conj           ####         1%          1    None
d - Vampiric Draining     Necr           ###.......   14%         3    ##.....
e - Mephitic Cloud        Conj/Pois/Air  ###.....     9%          3    ##.....
z - Sublimation of Blood  Necr           ###.......   7%          2    #......

Your spell library contained the following spells:

 Spells                   Type           Power        Failure   Level  Hunger
 Animate Skeleton         Necr           N/A          4%          1    None
 Pain                     Necr           ###.         4%          1    None
 Call Imp                 Summ           #.......     14%         2    #......
 Slow                     Hex            #.......     21%         2    #......
 Blink                    Tloc           Unusable     N/A         2    N/A

Dungeon Overview and Level Annotations

Branches:
Dungeon (7/15)             Temple (1/1) D:6

Altars:
Ashenzari
Cheibriados
Dithmenos
Elyvilon
Fedhas
Gozag
Hepliaklqana
Kikubaaqudgha
Makhleb
Nemelex Xobeh
Okawaru
Qazlal
Ru
Sif Muna
Trog
Uskayaw
Vehumet
Wu Jian
Xom
Yredelemnul
Zin
The Shining One

Annotations:
D:6 exclusion: sensed monster (detected)
D:7 2 transporters, Harold; demivan's ghost, novice GnFi


Innate Abilities, Weirdness & Mutations

You cannot be hasted, slowed, berserked, paralysed or teleported.
You can dig through walls and to a lower floor.
Your four strong arms can wield two-handed weapons with a shield.
You have a pair of large antennae on your head. (SInv)


Message History

Harold appears confused.
Harold hits you with a +1 dire flail of protection.
Harold is engulfed in noxious fumes.
Harold appears confused.
Casting: Mephitic Cloud (safe; 9% risk of failure)
Confirm with . or Enter, or press ? or * to list all spells.
Aiming: Conjure Flame (safe; 4% risk of failure)
Press: ? - help, Dir - move target cursor The fire ignites!
Harold is engulfed in noxious fumes.
You barely miss Harold.
Harold is severely wounded.
Harold is engulfed in blazing flames.
Harold hits you with a +1 dire flail of protection!
You sock Harold!
Harold is almost dead.
Harold is engulfed in blazing flames.
Harold hits you with a +1 dire flail of protection.
You die...
Kikubaaqudgha rasps: "You have failed me!
Welcome... death!"

### #.#############
#......@@.....# #.###########.#
#.# #.# #.# #.# #.# #.# #.#
########.# ##
##########.####......#.#########.
†....................+@........'>
##########.##.#......#.#########.


You could see Harold (confused).

Vanquished Creatures
  Edmund (D:5)
  A water moccasin (D:7)
  3 ogres
  2 phantoms
  4 centaurs
  4 big kobolds
  A gnoll sergeant (D:7)
  2 scorpions
  4 wights (D:7)
  A crimson imp (D:7)
  A jelly (D:6)
  5 orc priests
  3 hounds
  5 orc wizards
  A bullfrog skeleton (D:4)
  3 iguanas
  4 worker ants
  2 hound skeletons
  3 gnolls (D:7)
  5 adders
  2 oozes
  2 adder skeletons
  3 worms (D:2)
  4 leopard geckos
  17 orcs
  3 bats (D:1)
  3 giant cockroaches
  11 hobgoblins
  2 jackals (D:6)
  14 kobolds
  3 quokkas (D:3)
  A frilled lizard (D:1)
  11 goblins
  2 jackal skeletons
  10 rats
  4 butterflies (D:3)
147 creatures vanquished.

Vanquished Creatures (others)
  A bush (D:5)
  13 toadstools
14 creatures vanquished.

Grand Total: 161 creatures vanquished

Notes
Turn   | Place    | Note
-------+----------+-------------------------------------------
     0 | D:1      | DildoBatman the Formicid Wizard began the quest for the
                  | Orb.
     0 | D:1      | Reached XP level 1. HP: 13/13 MP: 4/4
    48 | D:1      | Reached skill level 1 in Conjurations
   156 | D:1      | Reached XP level 2. HP: 14/19 MP: 4/6
   242 | D:1      | Reached skill level 2 in Conjurations
   622 | D:1      | Reached XP level 3. HP: 24/24 MP: 5/7
   627 | D:1      | Learned a level 3 spell: Conjure Flame
   631 | D:1      | Learned a level 3 spell: Mephitic Cloud
   748 | D:2      | Found a faded altar of an unknown god.
   964 | D:2      | Reached skill level 3 in Conjurations
  1136 | D:2      | Reached XP level 4. HP: 29/30 MP: 0/8
  1546 | D:2      | Found an ornate altar of the Wu Jian Council.
  2048 | D:3      | Reached skill level 4 in Conjurations
  2048 | D:3      | Reached XP level 5. HP: 9/35 MP: 4/9
  3078 | D:4      | Found a hazy altar of Hepliaklqana.
  3317 | D:4      | Reached XP level 6. HP: 26/41 MP: 0/10
  3550 | D:4      | Noticed an ogre
  3574 | D:4      | Killed an ogre
  3574 | D:4      | Reached skill level 5 in Conjurations
  4049 | D:4      | Reached skill level 6 in Conjurations
  4049 | D:4      | Reached XP level 7. HP: 35/46 MP: 5/11
  4225 | D:5      | Entered Level 5 of the Dungeon
  4440 | D:4      | Reached skill level 1 in Fire Magic
  4440 | D:4      | Reached skill level 1 in Air Magic
  4556 | D:5      | Found a bloodstained altar of Trog.
  4726 | D:5      | Noticed Edmund
  4803 | D:5      | Found a blossoming altar of Fedhas.
  5447 | D:6      | Reached XP level 8. HP: 52/52 MP: 1/12
  6227 | D:6      | Found a staircase to the Ecumenical Temple.
  6236 | Temple   | Entered the Ecumenical Temple
  6423 | Temple   | Became a worshipper of Kikubaaqudgha
  7006 | D:5      | Killed Edmund
  7006 | D:5      | Reached skill level 5 in Fire Magic
  7113 | D:5      | Reached XP level 9. HP: 44/57 MP: 2/13
  7284 | D:1      | Reached skill level 5 in Air Magic
  7299 | D:1      | Reached * piety under Kikubaaqudgha
  7299 | D:1      | Identified Kikubaaqudgha's Almanac of Sinister Arts
                  | (Kikubaaqudgha gifted it to you on level 1 of the Dungeon)
  7299 | D:1      | Received a gift from Kikubaaqudgha
  7304 | D:1      | Learned a level 2 spell: Sublimation of Blood
  7308 | D:1      | Learned a level 3 spell: Vampiric Draining
  7580 | D:7      | Found a radiant altar of Vehumet.
  7701 | D:7      | Reached skill level 1 in Fighting
  7701 | D:7      | Reached skill level 1 in Armour
  7701 | D:7      | Reached skill level 1 in Necromancy
  8064 | D:7      | Found a transporter.
  8065 | D:7      | Noticed Harold
  8080 | D:7      | Found a transporter.
  8080 | D:7      | Noticed a moth of wrath
  8082 | D:7      | Noticed demivan's ghost (novice GnFi)
  8084 | D:7      | Found a bloodstained altar of Trog.
  8502 | D:7      | Reached ** piety under Kikubaaqudgha
  8826 | D:7      | Slain by Harold

Levels and vault maps discovered:
D:1:      ldierk_walled_garden_2, layout_basic, minmay_rat_gold_closets
D:2:      layout_loops_ring, overflow_temple_1_default,
          chequers_ecumenical_altar_simple_redux, first_ration, serial_rivers,
          chequers_serial_rivers_large_a, chequers_serial_rivers_micro_c,
          chequers_serial_rivers_small_b, chequers_serial_rivers_small_a,
          chequers_serial_rivers_micro_b
D:3:      layout_basic, serial_aquarium, aquarium_bridge_island_small
          [aquarium_subvault_small_water, aquarium_subvault_wall,
          aquarium_subvault_bridge, aquarium_subvault_window,
          aquarium_subvault_window], aquarium_window_fake, aquarium_window_1,
          aquarium_view_2e, aquarium_pool_2
D:4:      layout_basic, old_standard_altar
D:5:      layout_basic, nicolae_overflow_crystal_walls,
          fedhas_bush_and_centaur_altar, uniq_edmund
D:6:      cheibrodos_fertilizer, layout_basic, minmay_temple_entry_overgrown
D:7:      layout_basic, vehumet_altar_wand_db,
          gammafunk_ghost_wrathful_warriors, uniq_harold
Temple:   eino_narrow_crystal_temple

Skill      XL: |  1  2  3  4  5  6  7  8  9 |
---------------+----------------------------+-----
Conjurations   | 1 2 3 4 6 |  6.0
Fire Magic     | 3 5 |  5.1
Air Magic      | 2 4 5 |  5.0
Dodging        | 3 |  3.1
Fighting       | 2 |  2.8
Armour         | 2 |  2.9
Necromancy     | 2 |  2.6
Spellcasting   | 4 |  4.4
Stealth        | |  2.4
Summonings     | |  1.0
Translocations | |  0.8

Action                   |  1- 3 |  4- 6 |  7- 9 || total
-------------------------+-------+-------+-------++-------
Melee: Short sword       |    20 |     4 |       ||    24
       Mace              |       |    12 |       ||    12
       Trident           |       |    80 |   101 ||   181
       Dire flail        |       |       |    97 ||    97
       Dagger            |       |       |     6 ||     6
 Fire: Shortbow          |       |       |    12 ||    12
Throw: Stone             |     4 |     1 |       ||     5
       Boomerang         |       |       |    32 ||    32
 Cast: Magic Dart        |    76 |   106 |   132 ||   314
       Mephitic Cloud    |       |     4 |    29 ||    33
       Conjure Flame     |       |    10 |    31 ||    41
 Abil: Dig               |       |     5 |    16 ||    21
  Use: Scroll            |       |       |     9 ||     9
 Stab: Sleeping          |     2 |       |     5 ||     7
       Confused          |       |     1 |     7 ||     8
  Eat: Chunk             |     1 |    10 |    18 ||    29
       Ration            |       |       |     1 ||     1
Armor: Robe              |     4 |     4 |     3 ||    11
       Leather armour    |       |       |    24 ||    24
Dodge: Dodged            |    19 |    32 |    76 ||   127
       Deflected         |       |       |    18 ||    18
